AoeStats
← 六六六

Arena

510499661Analyzed
4v4 RM · 2d ago on Oct 1, 2026· 57m 26s· 8 players
Game mode
Random Map
Map size
Large (8 player)
Population
200
Speed
Normal
Resources
Standard
Victory
Conquest
Starting age
Dark Age
Ending age
Imperial Age
RankedLock teamsTeams togetherTeam positionsShared explorationLock speedFull tech treeHidden civsTurbo modeCheats
Victory
Defeat
🇨🇳 Armenians · China
1202
+16
🇨🇳 Saxons · China
1196
+16
🇺🇸 Muisca · United States
1185
+16
🇨🇳 Turks · China
1180
+17
🇪🇸 Mongols · Spain
1245
-18
🇩🇪 Dravidians · Germany
1227
-18
🇺🇸 Bengalis · United States
1168
-15
🇷🇺 Malay · Russia
1147
-14
lxc
11:19 Feudal Age
15:01 Castle Age
13:11 Double-Bit Axe
16:07 Wheelbarrow
21:37 Horse Collar
23:32 Heavy Plow
23:46 Bow Saw
28:59 Imperial Age
26:00 Man-at-Arms
26:25 Gambesons
26:41 Squires
26:26 Arson
27:14 Hand Cart
26:45 Town Watch
26:28 Elite Skirmisher
27:41 Scale Mail Armor
27:51 Forging
27:31 Fletching
27:42 Padded Archer Armor
28:04 Loom
28:05 Town Watch
30:01 Padded Archer Armor
29:56 Bodkin Arrow
30:17 Gold Mining
30:11 Long Swordsman
31:09 Chain Mail Armor
31:04 Forging
31:32 Two-Handed Swordsman
33:50 Plate Mail Armor
33:35 Forging
34:46 Gold Shaft Mining
34:02 Stone Mining
35:26 Iron Casting
35:16 Fereters
35:31 Conscription
34:37 Champion
34:46 Capped Ram
36:26 Siege Ram
38:49 Hoardings
37:59 Treadmill Crane
38:30 Fortified Wall
38:31 Masonry
39:54 Blast Furnace
44:40 Coinage
44:11 Caravan
49:36 Banking
Murdock
10:14 Feudal Age
14:30 Castle Age
12:51 Double-Bit Axe
12:49 Horse Collar
23:51 Wheelbarrow
25:54 Crossbowman
27:17 Fletching
27:28 Padded Archer Armor
28:16 Hand Cart
27:47 Town Watch
27:48 Loom
28:05 Bodkin Arrow
28:32 Gold Mining
28:32 Stone Mining
28:53 Bow Saw
29:12 Leather Archer Armor
31:43 Imperial Age
29:20 Thumb Ring
30:02 Ballistics
30:58 Heavy Plow
31:33 Gold Shaft Mining
31:34 Stone Shaft Mining
31:46 Arbalester
32:30 Bracer
33:33 Chemistry
32:39 Siege Engineers
33:25 Forging
33:15 Scale Mail Armor
33:20 Capped Ram
34:19 Squires
33:40 Champi Runner
33:43 Elite Temple Guard
34:00 Pikeman
35:02 Chain Mail Armor
35:23 Iron Casting
37:19 Conscription
37:18 Masonry
38:08 Plate Mail Armor
37:46 Herbalism
38:51 Two-Man Saw
38:22 Crop Rotation
42:48 Champi Warrior
43:45 Elite Champi Warrior
47:06 Hoardings
46:32 Onager
50:46 Huaracas
51:45 Elite Skirmisher
星辰AGE
1:30 Loom
12:31 Feudal Age
16:13 Fletching
26:56 Double-Bit Axe
27:35 Horse Collar
29:11 Town Watch
30:20 Wheelbarrow
34:05 Castle Age
32:29 Padded Archer Armor
34:14 Bloodlines
35:02 Bow Saw
34:58 Heavy Plow
35:18 Gold Mining
35:19 Stone Mining
35:41 Husbandry
38:12 Hand Cart
40:05 Bodkin Arrow
40:44 Ballistics
40:35 Fortified Wall
40:06 Treadmill Crane
42:54 Leather Archer Armor
45:33 Masonry
46:42 Caravan
48:01 Gold Shaft Mining
48:29 Sipahi
52:22 Imperial Age
49:53 Town Patrol
50:04 Forging
50:06 Scale Barding Armor
52:24 Heavy Cavalry Archer
53:31 Parthian Tactics
53:15 Bracer
53:46 Capped Ram
54:57 Ring Archer Armor
54:45 Artillery
55:07 Conscription
55:23 Hoardings
55:55 Guilds
56:16 Coinage
56:03 Siege Ram
57:20 Iron Casting
57:13 Chain Barding Armor
57:14 Heavy Camel Rider
57:14 Cavalier
zijing
10:32 Feudal Age
15:07 Castle Age
13:08 Double-Bit Axe
14:02 Horse Collar
14:42 Loom
17:02 Bow Saw
17:52 Scale Mail Armor
18:35 Wheelbarrow
17:52 Gold Mining
20:08 Fletching
21:43 Stone Mining
31:59 Imperial Age
30:25 Chain Mail Armor
32:09 Forging
33:29 Hand Cart
33:00 Town Watch
35:35 Plate Mail Armor
36:34 Gold Shaft Mining
37:31 Iron Casting
37:22 Elite Hearth Troop
40:34 Conscription
41:31 Two-Man Saw
41:03 Squires
40:49 Arson
40:26 Pikeman
41:35 Bodkin Arrow
43:49 Heavy Plow
44:48 Shield Wall
46:38 Bracer
50:06 Caravan
52:58 Ballistics
53:39 Chemistry
55:16 Siege Engineers
55:39 Padded Archer Armor
56:39 Halberdier
fastgg
6:04 Loom
8:43 Feudal Age
9:30 Double-Bit Axe
10:14 Fletching
21:30 Castle Age
22:10 Gold Mining
25:44 Imperial Age
24:24 Bow Saw
25:24 Bodkin Arrow
25:36 Crossbowman
27:02 Ballistics
27:51 Bracer
30:00 Chemistry
六六六
0:34 Loom
12:43 Feudal Age
18:00 Castle Age
16:07 Horse Collar
16:18 Double-Bit Axe
22:01 Gold Mining
22:01 Stone Mining
23:46 Heated Shot
24:17 Ballistics
23:51 Fletching
24:01 Padded Archer Armor
26:09 Bodkin Arrow
27:48 Leather Archer Armor
28:42 Heavy Plow
30:28 Scale Barding Armor
31:17 Wheelbarrow
30:27 Town Watch
30:52 Bow Saw
31:22 Gold Shaft Mining
31:22 Stone Shaft Mining
31:57 Husbandry
33:51 Thumb Ring
37:36 Imperial Age
36:42 Forging
36:23 Light Cavalry
37:30 Hand Cart
37:15 Town Patrol
37:27 Bracer
37:57 Ring Archer Armor
38:47 Crop Rotation
40:57 Iron Casting
43:21 Blast Furnace
44:55 Cavalier
48:33 Elite Skirmisher
Leopard
10:40 Feudal Age
14:35 Castle Age
12:55 Double-Bit Axe
13:26 Horse Collar
14:31 Loom
16:00 Bow Saw
23:48 Fletching
26:25 Wheelbarrow
26:22 Heavy Plow
26:54 Gold Mining
27:56 Hand Cart
28:12 Bodkin Arrow
34:40 Imperial Age
31:56 Town Watch
32:59 Gold Shaft Mining
32:16 Stone Mining
33:20 Ballistics
33:02 Padded Archer Armor
35:11 Onager
36:17 Drill
37:44 Chemistry
37:02 Bracer
37:18 Capped Ram
37:29 Light Cavalry
38:17 Husbandry
38:24 Scale Barding Armor
39:24 Conscription
38:46 Siege Ram
40:03 Bloodlines
40:29 Murder Holes
41:23 Elite Mangudai
42:19 Leather Archer Armor
42:55 Chain Barding Armor
42:39 Hussar
43:57 Thumb Ring
45:16 Forging
45:26 Masonry
46:32 Iron Casting
50:21 Parthian Tactics
52:16 Hoardings
PeneTratoR_
11:16 Feudal Age
15:31 Castle Age
13:41 Loom
14:38 Double-Bit Axe
14:33 Horse Collar
26:07 Wheelbarrow
26:12 Bow Saw
26:03 Heavy Plow
31:21 Imperial Age
30:43 Hand Cart
31:04 Paiks
31:08 Fletching
31:19 Padded Archer Armor
32:08 Bodkin Arrow
32:13 Stone Mining
32:14 Gold Mining
32:33 Scale Barding Armor
32:29 Scale Mail Armor
32:41 Forging
34:04 Bracer
34:20 Leather Archer Armor
35:09 Chain Barding Armor
35:25 Iron Casting
36:20 Husbandry
36:23 Light Cavalry
37:14 Bloodlines
37:27 Conscription
37:48 Plate Barding Armor
37:27 Elite Ratha (Ranged)
40:20 Chemistry
39:31 Masonry
39:16 Murder Holes
39:56 Guard Tower
42:43 Ballistics
42:13 Guard Tower
42:09 Arrowslits
43:07 Elite Skirmisher
56:18 Crossbowman
Connection lost

Rejoining the realm…

Still unreachable

The connection could not be restored.

Session expired

The server has moved on; the page needs a fresh start.